 Dungeon Crawl Stone Soup version 0.30-a0-860-g512cf1e979 (webtiles) character file.

Game seed: 3016922902448383893

5801 NinjaNoafa the Fighter (level 11, -2/84 HPs)
             Began as a Djinni Conjurer on Mar 7, 2023.
             Was a Priest of Makhleb.
             Slain by a blink frog (10 damage)
             ... on level 1 of the Lair of Beasts on Mar 8, 2023.
             The game lasted 00:24:39 (6191 turns).

NinjaNoafa the Fighter (Djinni Conjurer)            Turns: 6191, Time: 00:24:41

Health: -2/84      AC: 16    Str:  6    XL:     11   Next: 6%
Gold:   18         EV: 12    Int: 31    God:    Makhleb [***...] SH:  0 Dex: 11

rFire   + + .      SeeInvis .    s - staff of cold
rCold   + . .      Faith    +    (no shield)
rNeg    . . .      Spirit   .    A - +0 robe of Nihilism {Regen+}
rPois   ∞          Reflect  .    (no helmet)
rElec   .          Rampage  .    x - +1 cloak
rCorr   .                        r - +0 pair of gloves
Will    +....                    (boots unavailable)
Stlth   ++                       F - amulet of faith
HPRegen 1.14/turn                h - ring of protection from cold
MPRegen 0.00/turn                L - +6 ring of intelligence

@: ice-armoured, immotile, flying, slowed, very slow
A: sickness immunity, fire resistance 2, cold vulnerability 1, float, innate
caster, HP casting, extra vitality 1
a: Renounce Religion, Minor Destruction, Lesser Servant of Makhleb


You were on level 1 of the Lair of Beasts.
You worshipped Makhleb.
Makhleb was most pleased with you.
You visited 3 branches of the dungeon, and saw 10 of its levels.

You collected 519 gold pieces.
You spent 501 gold pieces at shops.

Inventory:

Hand Weapons
 f - a +0 dagger
Missiles
 m - 37 poisoned darts
 o - 6 boomerangs
 H - a curare-tipped dart
 I - 3 silver boomerangs
Armour
 r - a +0 pair of gloves (worn)
 x - a +1 cloak (worn)
 A - the +0 robe of Nihilism (worn) {Regen+}
   (You found it on level 5 of the Dungeon)

   Regen:     It increases your rate of health regeneration.
Magical Staves
 s - a staff of cold (weapon)
Jewellery
 h - a ring of protection from cold (left hand)
 F - an amulet of faith (around neck)
 K - a ring of protection from cold
 L - a +6 ring of intelligence (right hand)
Wands
 j - a wand of paralysis (15)
 w - a wand of mindburst (11)
 y - a wand of polymorph (8)
 J - a wand of flame (16)
Scrolls
 a - 2 scrolls of fear {unknown}
 g - a scroll of magic mapping {unknown}
 i - 4 scrolls of teleportation {unknown}
 l - a scroll of amnesia {unknown}
 n - a scroll of blinking {unknown}
 q - a scroll of noise
 v - a scroll of summoning {unknown}
 z - a scroll of poison {unknown}
 E - a scroll of vulnerability {unknown}
 G - a scroll of enchant weapon {unknown}
Potions
 b - 4 potions of heal wounds
 c - 2 potions of haste
 d - 2 potions of might
 e - 3 potions of brilliance
 k - 2 potions of curing {unknown}
 p - 2 potions of cancellation
 t - 2 potions of mutation {unknown}
 u - 3 potions of attraction {unknown}
 C - a potion of magic {unknown}
 D - 2 potions of degeneration {unknown}


   Skills:
 - Level 9.0 Fighting
 - Level 2.1 Dodging
 - Level 1.5 Stealth
 - Level 8.9 Spellcasting
 + Level 5.2 Invocations
 + Level 5.2 Evocations


You knew the following spells:

 Your Spells              Type           Power      Damage    Failure   Level
a - Agony                 Necr           62%        N/A       2%          5
b - Searing Ray           Conj           100%       2d8       1%          2
c - Dazzling Flash        Conj/Hex       100%       N/A       1%          3
d - Fulminant Prism       Conj/Hex       31%        3d15      1%          4
e - Flame Wave            Conj/Fire      62%        2d14      1%          4
f - Foxfire               Conj/Fire      100%       2x1d9     1%          1
g - Momentum Strike       Conj/Tloc      100%       3d10      1%          2
h - Ozocubu's Armour      Ice            80%        N/A       1%          3
i - Iskenderun's Mystic   Conj/Tloc      62%        2d13      1%          4
j - Magic Dart            Conj           100%       1d8       1%          1
Your spell library was empty.

Dungeon Overview and Level Annotations

Branches:
Dungeon (8/15)             Temple (1/1) D:4            Lair (1/5) D:8

Altars:
Ashenzari
Cheibriados
Dithmenos
Fedhas
Gozag
Makhleb
Nemelex Xobeh
Okawaru
Qazlal
Ru
Trog
Uskayaw
Wu Jian
Xom
Yredelemnul
Zin
The Shining One

Shops:
D:1 ?==


Innate Abilities, Weirdness & Mutations

You are immune to sickness and miasma.
You are immune to poison.
Your flesh is very heat resistant. (rF++)
You are vulnerable to cold. (rC-)
You float through the air rather than walking.
You learn spells naturally, not from books.
Your magical power is your life essence.
You have superior vitality. (+4 MHP)


Message History

The mystic blast hits the blink frog!!
The blink frog is severely wounded.
The blink frog is knocked back by the mystic blast.
The mystic blast hits the blink frog.
The blink frog is lightly wounded.
The blink frog is knocked back by the mystic blast.
The blink frog slams into the rock wall!
The blink frog is heavily wounded.
The mystic blast hits the blink frog!
You kill the blink frog!
Makhleb accepts your kill.
You feel better.
* * * LOW HITPOINT WARNING * * *
The blink frog closely misses you.
Unknown command.
Casting: Iskenderun's Mystic Blast (mildly dangerous; 1% risk of failure)
Confirm with . or Enter, or press ? or * to list all spells.
You feel a surge of power! A film of ice covers your body!
* * * LOW HITPOINT WARNING * * *
The blink frog hits you!
* * * LOW HITPOINT WARNING * * *
The blink frog blinks!
The blink frog misses you.
The blink frog blinks!
The blink frog hits you but does no damage.
Unknown command.
Unknown command.
Casting: Ozocubu's Armour (safe; 1% risk of failure)
Confirm with . or Enter, or press ? or * to list all spells.
Aiming: Momentum Strike (safe; 1% risk of failure)
Press: ? - help, Dir - move target, f - komodo dragon
Aim: a komodo dragon (84% to hit)
The concentrated momentum hits the komodo dragon!!
The komodo dragon is heavily wounded.
You are unable to move.
* * * LOW HITPOINT WARNING * * *
The blink frog closely misses you. The blink frog hits you.
* * * LOW HITPOINT WARNING * * *
The blink frog hits you!
* * * LOW HITPOINT WARNING * * *
The blink frog hits you!
You die...

.....# .....# . ....#
.# #..#### ...
##..##.##########....
#.............F..F..#
#...........@F...w..
#..†......†.FFl....+
#..†.###.#####.....#
#††<.# ### #..§..
#....# .#.#. #....# #
# #....# F....#
.###P.#


You could see a torpor snail, a komodo dragon and 5 blink frogs.

Vanquished Creatures
  A black mamba (Lair:1)
  A polar bear (Lair:1)
  A troll (D:7)
  A hornet (D:7)
  A blink frog (Lair:1)
  Prince Ribbit (Lair:1)
  3 yaks (Lair:1)
  2 humans (D:8)
  4 steam dragons
  Menkaure (D:6)
  2 water moccasins
  2 sky beasts
  2 centaurs
  6 ogres
  A phantom (D:6)
  2 kobold brigands (D:7)
  3 bullfrogs
  4 scorpions
  4 wights (D:6)
  4 killer bees (D:7)
  A howler monkey (D:6)
  A gnoll bouda (D:8)
  4 hounds
  A jelly (D:6)
  3 iguanas
  4 orc priests
  3 sleepcaps
  Terence (D:2)
  12 orc wizards
  8 gnolls
  10 adders
  A white imp (D:7)
  An ufetubus (D:4)
  4 worms
  5 dart slugs
  23 orcs
  5 ball pythons
  2 bats
  5 endoplasms
  A giant cockroach (D:3)
  6 hobgoblins
  6 jackals (D:1)
  A quokka (D:2)
  6 frilled lizards
  3 goblins
  17 kobolds
  4 rats
  A fulminant prism (D:8)
185 creatures vanquished.

Vanquished Creatures (others)
  An orc wizard (D:7)
  190 foxfires
  9 fulminant prisms
  2 fungi (Lair:1)
  A plant (Lair:1)
203 creatures vanquished.

Grand Total: 388 creatures vanquished

Notes
Turn   | Place    | Note
-------+----------+-------------------------------------------
     0 | D:1      | NinjaNoafa the Djinni Conjurer began the quest for the Orb.
     0 | D:1      | NinjaNoafa set off with the following spells memorised:
                  | Magic Dart, Searing Ray, Dazzling Flash, Fulminant Prism,
                  | Iskenderun's Mystic Blast.
     0 | D:1      | Reached XP level 1. HP: 15/15 MP: 0/0
    33 | D:1      | Found Qiuc's Jewellery Shop.
    80 | D:1      | Found Pegrinut's Jewellery Shoppe.
   248 | D:1      | Reached XP level 2. HP: 22/22 MP: 0/0
   258 | D:1      | Reached skill level 1 in Fighting
   428 | D:1      | Found Pamoz's Magic Scroll Shoppe.
   550 | D:1      | Found a faded altar of an unknown god.
   671 | D:1      | Reached XP level 3. HP: 23/27 MP: 0/0
   671 | D:1      | Learned a level 1 spell: Foxfire
  1118 | D:2      | Found an opulent altar of Gozag.
  1171 | D:2      | Reached skill level 2 in Fighting
  1306 | D:2      | Reached XP level 4. HP: 15/33 MP: 0/0
  1429 | D:1      | Bought a scroll of noise for 11 gold pieces
  1429 | D:1      | Bought a scroll of identify for 22 gold pieces
  1600 | D:2      | Identified the +2 robe "Riur" {rElec}
  1649 | D:2      | Noticed Terence
  1658 | D:2      | Killed Terence
  1852 | D:3      | Reached XP level 5. HP: 39/40 MP: 0/0
  1852 | D:3      | Learned a level 2 spell: Momentum Strike
  1875 | D:3      | Reached skill level 3 in Fighting
  2311 | D:3      | Found a bloodstained altar of Trog.
  2714 | D:3      | Reached XP level 6. HP: 45/46 MP: 0/0
  2780 | D:4      | Noticed an ogre
  2786 | D:4      | Killed an ogre
  2787 | D:4      | Reached skill level 4 in Fighting
  2860 | D:4      | Reached skill level 5 in Spellcasting
  2860 | D:4      | Reached XP level 7. HP: 22/53 MP: 0/0
  2860 | D:4      | Learned a level 3 spell: Ozocubu's Armour
  2886 | D:4      | Found a staircase to the Ecumenical Temple.
  2898 | Temple   | Entered the Ecumenical Temple
  2926 | Temple   | Became a worshipper of Makhleb the Destroyer
  2967 | D:4      | Reached skill level 5 in Fighting
  3193 | D:5      | Entered Level 5 of the Dungeon
  3351 | D:5      | Found a glowing silver altar of Zin.
  3357 | D:5      | Reached XP level 8. HP: 58/61 MP: 0/0
  3361 | D:5      | Identified the +0 robe of Nihilism {Regen+}
  3434 | D:5      | Reached skill level 6 in Fighting
  3490 | D:5      | Found a stormy altar of Qazlal.
  3491 | D:5      | Found a shimmering altar of Xom.
  3883 | D:6      | Reached skill level 7 in Fighting
  3884 | D:6      | Reached * piety under Makhleb
  3994 | D:6      | Reached XP level 9. HP: 42/68 MP: 0/0
  3994 | D:6      | Learned a level 4 spell: Flame Wave
  4068 | D:6      | Noticed Menkaure
  4071 | D:6      | Killed Menkaure
  4289 | D:6      | Reached skill level 8 in Fighting
  4718 | D:7      | Reached ** piety under Makhleb
  4799 | D:7      | Reached skill level 1 in Invocations
  4799 | D:7      | Reached skill level 1 in Evocations
  5132 | D:7      | Reached XP level 10. HP: 64/76 MP: 0/0
  5264 | D:7      | Reached *** piety under Makhleb
  5619 | D:8      | Found an iron altar of Okawaru.
  5699 | D:8      | Found a sacrificial altar of Ru.
  5830 | D:8      | Found a staircase to the Lair.
  5978 | D:1      | Bought a +6 ring of intelligence for 468 gold pieces
  6136 | Lair:1   | Entered Level 1 of the Lair of Beasts
  6139 | Lair:1   | Noticed a black mamba
  6140 | Lair:1   | Reached skill level 9 in Fighting
  6144 | Lair:1   | Killed a black mamba
  6173 | Lair:1   | Noticed Prince Ribbit
  6181 | Lair:1   | Killed Prince Ribbit
  6182 | Lair:1   | Reached skill level 5 in Invocations
  6182 | Lair:1   | Reached skill level 5 in Evocations
  6182 | Lair:1   | Reached XP level 11. HP: 70/84 MP: 0/0
  6182 | Lair:1   | Learned a level 5 spell: Agony
  6191 | Lair:1   | Slain by a blink frog

Illustrated notes

Levels and vault maps discovered:
D:1:      amcnicky_arrival_flooded_fountain, layout_basic, serial_shops,
          nicolae_lakefront_shop, shop, nicolae_diamond_shop,
          dreamdust_ecumenical_altar_angels_and_demons, minmay_pentomino_s2
D:2:      layout_rooms, basic_altar, minmay_misc_feat_square, uniq_terence
D:3:      layout_basic, mainiacjoe_overflow_surrounded_room
D:4:      layout_cave_pools, minmay_temple_entry_offerings
D:5:      layout_cave_pools, general_overflow_altar,
          mainiacjoe_overflow_divided_tiny, tgw_sif,
          mainiacjoe_overflow_concentric_impassable
D:6:      layout_loops_ring, uniq_menkaure
D:7:      layout_loops_ring, grunt_potential
D:8:      layout_loops_ring, okawaru_humans, nicolae_ru_awakened_eye,
          lair_entry_dummy
Temple:   chequers_temple_sunken
Lair:1:   layout_chaotic_city, grunt_megastairs_5, serial_bayou_shore_b,
          uniq_prince_ribbit2

Skill      XL: |  1  2  3  4  5  6  7  8  9 10 |
---------------+-------------------------------+-----
Fighting       | 1 2 3 4 5 7 8 9 |  9.0
Spellcasting   | 4 5 6 7 8 |  8.9
Invocations    | 2 5 |  5.2
Evocations     | 2 5 |  5.2
Dodging        | |  2.1
Stealth        | |  1.5

Action                     |  1- 3 |  4- 6 |  7- 9 | 10-12 || total
---------------------------+-------+-------+-------+-------++-------
  Melee: Unarmed           |     1 |       |       |       ||     1
         Dagger            |     4 |     2 |       |       ||     6
         Staff             |       |       |    15 |     5 ||    20
   Cast: Magic Dart        |    36 |    28 |     5 |       ||    69
         Searing Ray       |    10 |    16 |    18 |     6 ||    50
         Foxfire           |     7 |    11 |    78 |    18 ||   114
         Momentum Strike   |       |     5 |    22 |     6 ||    33
         Dazzling Flash    |       |     3 |       |     2 ||     5
         Ozocubu's Armour  |       |       |     8 |     5 ||    13
         Iskenderun's Myst |       |       |    21 |    18 ||    39
         Fulminant Prism   |       |       |     2 |     8 ||    10
         Flame Wave        |       |       |     4 |     2 ||     6
         Agony             |       |       |       |     1 ||     1
 Invoke: Minor Destruction |       |       |     3 |       ||     3
    Use: Scroll            |       |     3 |     2 |     2 ||     7
 Armour: Robe              |     3 |     6 |    29 |    12 ||    50
  Dodge: Dodged            |    24 |    22 |    63 |    29 ||   138

Table legend: (Time is in decaauts)
 A = Elapsed time spent in this place.
 B = Non-inter-level travel time spent in this place.
 C = Inter-level travel time spent in this place.
 D = Time resting spent in this place.
 E = Time spent auto-exploring this place.
 F = Levels seen in this place.
 G = Mean time per level.
                   A        B        C        D        E       F      G
               +--------+--------+--------+--------+--------+-----+--------+
         Total |   6201 |   5449 |    752 |    306 |   3166 |  10 |  620.1 |
       Dungeon |   6088 |   5363 |    725 |    306 |   3166 |   8 |  761.0 |
        Temple |     57 |     31 |     26 |      0 |      0 |   1 |   57.0 |
          Lair |     55 |     55 |      0 |      0 |      0 |   1 |   55.0 |
               +--------+--------+--------+--------+--------+-----+--------+

Top non-repeatable levels by time:
     D:1: 1224 daAuts
     D:3: 1016 daAuts
     D:7: 995 daAuts
     D:6: 806 daAuts
     D:5: 668 daAuts
     D:2: 641 daAuts
     D:4: 384 daAuts
     D:8: 352 daAuts
  Temple: 57 daAuts
  Lair:1: 55 daAuts
